 Dungeon Crawl Stone Soup version 0.28-a0-657-g71136c5590 (webtiles) character file.

Game seed: 14440749646714843042

2571 andesha the Basher (level 9, 0/55 HPs)
             Began as a Gargoyle Fighter on Oct 14, 2021.
             Was a Follower of Dithmenos.
             Killed from afar by a steam dragon (13 damage)
             ... with a ball of steam
             ... on level 7 of the Dungeon.
             The game lasted 00:43:43 (6585 turns).

andesha the Basher (Gargoyle Fighter)               Turns: 6585, Time: 00:43:44

Health: 0/55       AC: 23    Str: 24    XL:     9   Next: 57%
Magic:  9/9        EV:  7    Int:  8    God:    Dithmenos [*.....]
Gold:   339        SH:  5    Dex:  9    Spells: 2/8 levels left

rFire   . . .      SeeInvis .   k - +2 whip (flame)
rCold   + + .      Faith    .   c - +0 buckler
rNeg    + . .      Spirit   .   l - +0 plate armour {rC+}
rPois   ∞          Reflect  .   n - +1 helmet
rElec   +          Harm     .   (no cloak)
rCorr   .          Rampage  .   j - +0 pair of gloves
Will    .....                   (no boots)
Stlth   ..........              (no amulet)
HPRegen 0.18/turn               g - ring of protection from cold
MPRegen 0.11/turn               (no ring)

@: about to teleport, wreathed by umbra
A: sickness immunity, AC +6, negative energy resistance 1, electricity
resistance, torment resistance 1, petrification resistance
a: Renounce Religion


You were on level 7 of the Dungeon.
You worshipped Dithmenos.
Dithmenos was aware of your devotion.
You visited 2 branches of the dungeon, and saw 8 of its levels.

You collected 369 gold pieces.
You spent 30 gold pieces at shops.

Inventory:

Hand Weapons
 k - a +2 whip of flaming (weapon)
 t - a +2 antimagic mace
Missiles
 r - 2 throwing nets (quivered)
Armour
 c - a +0 buckler (worn)
 j - a +0 pair of gloves (worn)
 l - a +0 plate armour of cold resistance (worn)
 n - a +1 helmet (worn)
 u - the +4 robe of Zoomm {Rampage +Inv rF+, YEP}
   (You found it on level 5 of the Dungeon)

   rF:        It protects you from fire.
   +Inv:      It lets you turn invisible.
   Rampage:   It bestows one free step when moving towards enemies.
Jewellery
 g - a ring of protection from cold (left hand)
Wands
 q - a wand of iceblast (23)
Scrolls
 e - a scroll of identify
 s - a scroll of teleportation
Potions
 a - a potion of mutation {unknown}
 b - a potion of invisibility
 d - a potion of might
 f - 2 potions of cancellation {unknown}
 h - 2 potions of lignification
 i - 2 potions of heal wounds {unknown}
 m - a potion of attraction {unknown}
 p - 3 potions of haste {unknown}


   Skills:
 * Level 6.2 Fighting
 * Level 8.3 Maces & Flails
 + Level 7.7 Armour
 + Level 2.2 Dodging
 - Level 0.7 Stealth
 + Level 6.1 Shields


You had 2 spell levels left.
You knew the following spells:

 Your Spells              Type           Power      Damage    Failure   Level
a - Simulacrum            Ice/Necr       0%         N/A       100%        6

Your spell library contained the following spells:

 Spells                   Type           Power      Damage    Failure   Level
 Gell's Gravitas          Tloc           0%         N/A       100%        3
 Lesser Beckoning         Tloc           0%         N/A       100%        3
 Ozocubu's Armour         Ice            0%         N/A       100%        3
 Teleport Other           Tloc           0%         N/A       100%        3
 Cause Fear               Hex            0%         N/A       100%        4
 Metabolic Englaciation   Hex/Ice        0%         N/A       100%        5
 Monstrous Menagerie      Summ           0%         N/A       100%        7
 Spellforged Servitor     Conj/Summ      0%         N/A       100%        7


Dungeon Overview and Level Annotations

Branches:
Dungeon (7/15)             Temple (1/1) D:5

Altars:
Ashenzari
Cheibriados
Dithmenos
Elyvilon
Fedhas
Gozag
Hepliaklqana
Kikubaaqudgha
Nemelex Xobeh
Qazlal
Ru
Sif Muna
Trog
Uskayaw
Vehumet
Wu Jian
Xom
Yredelemnul
Zin

Shops:
D:1 !   D:2 !


Innate Abilities, Weirdness & Mutations

You are immune to sickness and miasma.
Your stone body is resilient. (AC +6)
You are immune to poison.
You resist negative energy. (rN+)
You are resistant to electric shocks. (rElec)
You are resistant to unholy torment.
You are immune to petrification.


Message History

The steam dragon barely misses you.
The steam dragon claws you but does no damage.
Hit: k) +2 whip (flame)
Press: ? - help, Dir - move target, f/p - steam dragon
Aim: a steam dragon (lightly wounded, umbra, about 35% to evade your +2 whip of flaming)
You closely miss the steam dragon.
The steam dragon is lightly wounded.
The steam dragon breathes steam at you.
The ball of steam hits you but does no damage.
You are too injured to fight recklessly!
Hit: k) +2 whip (flame)
Press: ? - help, Dir - move target, f/p - steam dragon
Aim: a steam dragon (lightly wounded, catching its breath, umbra, about 35% to evade your +2 whip of flaming)
You barely miss the steam dragon.
The steam dragon is lightly wounded.
You are engulfed in a cloud of scalding steam.
The orc priest barely misses you.
You are engulfed in a cloud of scalding steam.
Hit: k) +2 whip (flame)
Press: ? - help, Dir - move target, f/p - steam dragon
Aim: a steam dragon (steam, lightly wounded, umbra, about 35% to evade your +2 whip of flaming)
You closely miss the steam dragon.
The steam dragon is lightly wounded.
You are engulfed in a cloud of scalding steam.
The steam dragon bites you but does no damage.
The steam dragon claws you.
Hit: k) +2 whip (flame)
Press: ? - help, Dir - move target, f/p - steam dragon
Aim: a steam dragon (lightly wounded, umbra, about 35% to evade your +2 whip of flaming)
You barely miss the steam dragon.
The steam dragon is lightly wounded.
The steam dragon bites you!
* * * LOW HITPOINT WARNING * * *
The steam dragon claws you.
* * * LOW HITPOINT WARNING * * *
As you read the scroll of teleportation, it crumbles to dust.
You feel strangely unstable. The steam dragon breathes steam at you.
The ball of steam hits you!
You die...

....#..###.............
....... ...............
.....### #......§....#
.#.....###......§....#
...## .......).######
...# ##.....#..## ...#
#(...#...oo# ..##
##.###..###D#
#.####..##...###@#
#.#<..........##.#
#...#....#.......#
#..#....<#.......#
#..#.#.###.......#
#......# #.......#
....#### #.......#
....# #.......# .#..#
#.......#


You could see a steam dragon (catching breath), an orc warrior and an orc
priest.

Vanquished Creatures
  A manticore (D:6)
  Grinder (D:3)
  Prince Ribbit (D:7)
  A wraith (D:6)
  A wyvern (D:7)
  A water moccasin (D:6)
  A black bear (D:4)
  A sky beast (D:5)
  An ice beast (D:7)
  2 necrophages
  A centaur (D:4)
  A phantom (D:6)
  A bullfrog (D:6)
  5 scorpions
  A wyvern zombie (D:7)
  A centaur zombie (D:7)
  A hound (D:6)
  A centaur skeleton (D:6)
  A bullfrog skeleton (D:6)
  An iguana (D:6)
  An orc wizard (D:5)
  A hound skeleton (D:4)
  Robin (D:3)
  5 gnolls
  A howler monkey skeleton (D:5)
  3 adders
  2 white imps (D:6)
  2 worms (D:2)
  6 dart slugs
  4 orcs (D:5)
  5 endoplasms
  3 giant cockroaches
  15 goblins
  7 hobgoblins
  4 jackals (D:1)
  4 quokkas
  3 ball pythons
  4 bats
  A frilled lizard (D:1)
  9 kobolds
  4 rats
110 creatures vanquished.

Vanquished Creatures (others)
  12 fungi (D:3)
12 creatures vanquished.

Grand Total: 122 creatures vanquished

Notes
Turn   | Place    | Note
-------+----------+-------------------------------------------
     0 | D:1      | andesha the Gargoyle Fighter began the quest for the Orb.
     0 | D:1      | Reached XP level 1. HP: 14/14 MP: 1/1
   306 | D:1      | Reached XP level 2. HP: 19/19 MP: 2/2
   388 | D:1      | Reached skill level 1 in Dodging
   869 | D:1      | Reached XP level 3. HP: 21/23 MP: 3/3
   944 | D:1      | Found Nukhefirch's Distillery.
  1400 | D:1      | Found a faded altar of an unknown god.
  1872 | D:2      | Reached XP level 4. HP: 17/29 MP: 4/4
  2206 | D:2      | Found Xoxzesm's Distillery.
  2256 | D:2      | Bought a potion of curing for 30 gold pieces
  2276 | D:2      | Reached skill level 3 in Maces & Flails
  2283 | D:2      | Identified a scroll of acquirement
  2283 | D:2      | Acquired a +0 plate armour of cold resistance
  2873 | D:3      | Noticed Grinder
  2875 | D:3      | Paralysed by Grinder for 3 turns
  2879 | D:3      | Found a shadowy altar of Dithmenos.
  2885 | D:3      | Paralysed by Grinder for 3 turns
  2889 | D:3      | Killed Grinder
  2889 | D:3      | Noticed Robin
  2890 | D:3      | Reached skill level 4 in Maces & Flails
  2890 | D:3      | Reached XP level 5. HP: 22/33 MP: 5/5
  2890 | D:3      | Reached XP level 6. HP: 25/38 MP: 6/6
  2932 | D:3      | Killed Robin
  2997 | D:3      | Became a worshipper of Dithmenos the Shadowed
  3769 | D:4      | Reached XP level 7. HP: 29/43 MP: 7/7
  4132 | D:4      | Reached skill level 5 in Armour
  4142 | D:4      | Reached skill level 5 in Maces & Flails
  4316 | D:5      | Entered Level 5 of the Dungeon
  4487 | D:5      | Reached skill level 5 in Shields
  4742 | D:5      | Identified the +4 robe of Zoomm {Rampage +Inv rF+}
  4752 | D:5      | Found a staircase to the Ecumenical Temple.
  4758 | Temple   | Entered the Ecumenical Temple
  5097 | D:5      | Reached XP level 8. HP: 46/48 MP: 8/8
  5109 | D:5      | Got the Handbook of Creative Beguiling
  5117 | D:5      | Learned a level 6 spell: Simulacrum
  5126 | D:6      | Noticed a manticore
  5152 | D:6      | Killed a manticore
  5153 | D:6      | Reached skill level 5 in Fighting
  5153 | D:6      | Reached skill level 6 in Maces & Flails
  5573 | D:6      | Noticed a wraith
  5627 | D:6      | Killed a wraith
  5628 | D:6      | Reached skill level 7 in Maces & Flails
  5628 | D:6      | Reached XP level 9. HP: 21/54 MP: 9/9
  5968 | D:6      | Reached * piety under Dithmenos
  6413 | D:7      | Reached skill level 8 in Maces & Flails
  6443 | D:7      | Noticed Prince Ribbit
  6469 | D:7      | Killed Prince Ribbit
  6585 | D:7      | Killed from afar by a steam dragon

Illustrated notes

Levels and vault maps discovered:
D:1:      minmay_arrival_glassed_features, layout_loops_corners,
          hellmonk_ecumenical_altar_pennies_from_heaven, serial_shops, shop,
          chequers_serial_rivers_small_b
D:2:      layout_loops_ring, serial_shops, nicolae_shop_statue_plus
D:3:      layout_basic, mainiacjoe_overflow_cross_hatched, uniq_robin,
          uniq_grinder
D:4:      layout_loops_ring
D:5:      layout_loops_ring, minmay_temple_entry_fiery
D:6:      layout_gridville
D:7:      layout_rooms, uniq_prince_ribbit1
Temple:   dpeg_five_rooms_temple

Skill      XL: |  1  2  3  4  5  6  7  8  9 |
---------------+----------------------------+-----
Dodging        | 1 2 |  2.2
Maces & Flails | 4 5 7 8 |  8.3
Fighting       | 4 5 6 |  6.2
Armour         | 4 5 7 |  7.7
Shields        | 4 5 6 |  6.1
Stealth        | |  0.7

Action                   |  1- 3 |  4- 6 |  7- 9 || total
-------------------------+-------+-------+-------++-------
Melee: Flail             |    95 |     5 |       ||   100
       Whip              |       |   110 |   274 ||   384
  Use: Scroll            |     3 |     4 |     4 ||    11
       Potion            |       |       |     5 ||     5
Armor: Scale mail        |    47 |     9 |       ||    56
       Plate armour      |       |    65 |   191 ||   256
Dodge: Dodged            |    52 |    30 |    95 ||   177
Block: Buckler           |    28 |    28 |    49 ||   105

Table legend: (Time is in decaauts)
 A = Elapsed time spent in this place.
 B = Non-inter-level travel time spent in this place.
 C = Inter-level travel time spent in this place.
 D = Time resting spent in this place.
 E = Time spent auto-exploring this place.
 F = Levels seen in this place.
 G = Mean time per level.
                   A        B        C        D        E       F      G
               +--------+--------+--------+--------+--------+-----+--------+
         Total |   6573 |   6443 |    130 |    753 |   3455 |   8 |  821.6 |
       Dungeon |   6277 |   6195 |     82 |    753 |   3300 |   7 |  896.7 |
        Temple |    295 |    247 |     48 |      0 |    155 |   1 |  295.0 |
               +--------+--------+--------+--------+--------+-----+--------+

Top non-repeatable levels by time:
     D:1: 1769 daAuts
     D:6: 1174 daAuts
     D:4: 938 daAuts
     D:2: 904 daAuts
     D:3: 722 daAuts
     D:5: 506 daAuts
  Temple: 295 daAuts
     D:7: 261 daAuts
